 Dungeon Crawl Stone Soup version 0.22-a0-93-g6b88ebb (webtiles) character file.

1089 lemonriz the Ruffian (level 8, -9/66 HPs)
             Began as a Red Draconian Transmuter on Jan 24, 2018.
             Was an Initiate of Sif Muna.
             Killed by divine providence
             ... invoked by a smoke demon
             ... created by the fury of Makhleb
              (13 damage)
             ... on level 6 of the Dungeon.
             The game lasted 00:13:22 (5847 turns).

lemonriz the Ruffian (Red Draconian Transmuter)     Turns: 5847, Time: 00:13:23

Health: -9/66      AC:  9    Str: 12 (15) XL:     8   Next: 9%
Magic:  11/11      EV: 12    Int: 15 (17) God:    Sif Muna [......]
Gold:   287        SH:  0    Dex:  9 (11) Spells: 5/11 levels left

rFire    + . .     SeeInvis .     - Unarmed
rCold    . . .     Gourm    .   (no shield)
rNeg     . . .     Faith    .   (armour unavailable)
rPois    +         Spirit   .   (helmet restricted)
rElec    .         Reflect  .   v - +2 cloak {rPois}
rCorr    .         Harm     .   (no gloves)
MR       .....                  (no boots)
Stlth    +.........             (no amulet)
HPRegen  0.21/turn              y - +3 ring of strength
MPRegen  0.12/turn              (no ring)

@: confused
A: breathe fire, unfitting armour, fire resistance 1, cold-blooded, AC +6
a: Breathe Fire, Renounce Religion


You were on level 6 of the Dungeon.
You worshipped Sif Muna.
Sif Muna was noncommittal.
You were not hungry.

You visited 2 branches of the dungeon, and saw 7 of its levels.

You collected 287 gold pieces.

Inventory:

Missiles
 a - 114 arrows
Armour
 v - a +2 cloak of poison resistance (worn)
Jewellery
 e - an uncursed ring of ice
 y - a +3 ring of strength (left hand)
Wands
 l - a wand of iceblast (22)
 r - a wand of polymorph (26)
 s - a wand of paralysis (10)
Scrolls
 d - a scroll of fog
 j - a scroll of immolation {unknown}
 k - a scroll of amnesia {unknown}
 n - 7 scrolls of remove curse
 p - a scroll of magic mapping
 u - a scroll of enchant weapon {unknown}
 A - a scroll of teleportation
Potions
 o - 2 potions of magic
 z - a potion of lignification
Books
 b - a book of Changes

   Spells                             Type                      Level
   a - Beastly Appendage              Transmutation                1
   b - Sticks to Snakes               Transmutation                2
   c - Spider Form                    Transmutation/Poison         3
   d - Ice Form                       Ice/Transmutation            4
   e - Blade Hands                    Transmutation                5
 t - a book of Battle

   Spells                             Type                      Level
   a - Infusion                       Charms                       1
   b - Shroud of Golubria             Charms/Translocation         2
   c - Song of Slaying                Charms                       2
   d - Spectral Weapon                Hexes/Charms                 3
   e - Regeneration                   Charms/Necromancy            3
Comestibles
 c - 10 rations


   Skills:
 + Level 4.2 Fighting
 - Level 1.7 Dodging
 + Level 6.2 Unarmed Combat
 - Level 2.0 Spellcasting
 + Level 5.8 Transmutations
 - Level 2.0 Poison Magic
 - Level 3.0 Invocations


You had 5 spell levels left.
You knew the following spells:

 Your Spells              Type           Power        Failure   Level  Hunger
a - Beastly Appendage     Tmut           ###...       1%          1    #......
b - Sticks to Snakes      Tmut           ###.....     3%          2    ###....
c - Spider Form           Tmut/Pois      ##........   13%         3    ###....


Dungeon Overview and Level Annotations

Branches:
Dungeon (6/15)             Temple (1/1) D:4

Altars:
Fedhas
Makhleb
Okawaru
Qazlal
Sif Muna
Vehumet
Yredelemnul

Annotations:
D:6 Menkaure, Sigmund


Innate Abilities, Weirdness & Mutations

You can breathe blasts of fire.
Your fiery red scales are hard. (AC +6)
You cannot fit into any form of body armour.
Your flesh is heat resistant. (rF+)
You are cold-blooded and may be slowed by cold attacks.


Message History

The smoke demon barely misses you. x2
Okay, then.
Something hits you but does no damage.
You see here an adder corpse.
Something barely misses you. Something hits you but does no damage.
The smoke demon gestures at you. Makhleb smites you!
* * * LOW HITPOINT WARNING * * *
Okay, then.
You are confused.
You feel invigorated. Something hits you!
* * * LOW HITPOINT WARNING * * *
The smoke demon hits you but does no damage.
The smoke demon hits you.
* * * LOW HITPOINT WARNING * * *
The smoke demon hits you but does no damage.
The smoke demon gestures at you. Makhleb smites you!
You die...

#...#
###...#
#.### #...#
. #.# #...#
#
###.#######
#...# #
#.........#
#..)####
#.........#
#.......
#.........#
#.......
##......###
#.....(.
#.@....#
#.......
#......#
###.####
#3.....#
#.# #
#......#
#.# #
#3.....#
#.# #
##†#####
#.# # #.#
#.# # #.#
#.# # #.#
#.# #


You could see 2 smoke demons.

Vanquished Creatures
  An orange demon (D:6)
  Eustachio (D:6)
  Duvessa (D:6)
  A necrophage (D:5)
  An ogre (D:6)
  Dowan (D:6)
  A scorpion (D:4)
  A hound (D:6)
  Crazy Yiuf (D:5)
  2 centaur skeletons (D:6)
  A bullfrog skeleton (D:5)
  A gnoll shaman (D:4)
  An iguana (D:5)
  Jessica (D:2)
  Ijyb (D:3)
  2 worker ants
  6 gnolls
  7 adders
  An ooze (D:4)
  An adder zombie (D:6)
  A worm (D:4)
  3 dart slugs
  5 leopard geckos
  9 orcs
  2 ball pythons (D:4)
  8 giant cockroaches
  7 goblins
  6 hobgoblins
  9 jackals
  2 quokkas
  3 bats
  5 frilled lizards
  5 kobolds
  7 rats
105 creatures vanquished.

Vanquished Creatures (collateral kills)
  A sky beast (D:5)
  An adder (D:3)
  2 jackals (D:4)
  A frilled lizard (D:2)
5 creatures vanquished.

Grand Total: 110 creatures vanquished

Notes
Turn   | Place    | Note
-------+----------+-------------------------------------------
     0 | D:1      | lemonriz the Draconian Transmuter began the quest for the Orb.
     0 | D:1      | Reached XP level 1. HP: 16/16 MP: 3/3
   300 | D:1      | Reached XP level 2. HP: 18/23 MP: 3/5
   306 | D:1      | Learned a level 2 spell: Sticks to Snakes
   823 | D:2      | Found a faded altar of an unknown god.
   886 | D:2      | Became a worshipper of Makhleb the Destroyer
   886 | D:2      | Reached * piety under Makhleb
   989 | D:2      | Reached XP level 3. HP: 22/28 MP: 4/6
   994 | D:2      | Learned a level 3 spell: Spider Form
  1215 | D:2      | Noticed Jessica
  1248 | D:2      | Killed Jessica
  1275 | D:2      | Reached skill level 1 in Poison Magic
  1275 | D:2      | Reached XP level 4. HP: 19/35 MP: 1/7
  1387 | D:2      | Reached skill level 4 in Unarmed Combat
  1705 | D:3      | Noticed Ijyb
  1735 | D:3      | Killed Ijyb
  1990 | D:3      | Found a basalt altar of Yredelemnul.
  2536 | D:4      | Reached XP level 5. HP: 36/40 MP: 0/8
  2572 | D:4      | Reached ** piety under Makhleb
  2886 | D:4      | Reached skill level 1 in Invocations
  2991 | D:4      | Found a staircase to the Ecumenical Temple.
  3084 | D:4      | Reached XP level 6. HP: 47/47 MP: 9/9
  3213 | D:4      | Found a burning altar of Makhleb.
  3310 | Temple   | Entered the Ecumenical Temple
  3471 | D:5      | Entered Level 5 of the Dungeon
  3471 | D:5      | Found a blossoming altar of Fedhas.
  3471 | D:5      | Found a stormy altar of Qazlal.
  3630 | D:5      | Noticed a sky beast
  3644 | D:5      | Killed a sky beast
  3644 | D:5      | Reached skill level 5 in Unarmed Combat
  4015 | D:5      | Your scales start taking on a fiery red colour.
  4015 | D:5      | Reached XP level 7. HP: 50/54 MP: 10/10
  4015 | D:5      | Gained mutation: Your flesh is heat resistant. (rF+) [Red Draconian growth]
  4189 | D:5      | Found a runed door.
  4193 | D:5      | Noticed Crazy Yiuf
  4211 | D:5      | Killed Crazy Yiuf
  4211 | D:5      | Reached *** piety under Makhleb
  4533 | D:5      | Found a radiant altar of Vehumet.
  4533 | D:5      | Found a deep blue altar of Sif Muna.
  4729 | D:5      | Fell from the grace of Makhleb
  4729 | D:5      | Became a worshipper of Sif Muna the Loreminder
  4884 | D:6      | Reached skill level 5 in Transmutations
  4914 | D:6      | Found an iron altar of Okawaru.
  5029 | D:6      | Noticed Sigmund
  5032 | D:6      | Noticed Menkaure
  5410 | D:6      | Noticed Dowan
  5413 | D:6      | Noticed Duvessa
  5428 | D:6      | Killed Duvessa
  5436 | D:6      | Killed Dowan
  5436 | D:6      | Reached skill level 6 in Unarmed Combat
  5503 | D:6      | Noticed Eustachio
  5568 | D:6      | Killed Eustachio
  5568 | D:6      | Reached XP level 8. HP: 66/66 MP: 11/11
  5791 | D:6      | Noticed an orange demon
  5819 | D:6      | Killed an orange demon
  5839 | D:6      | Noticed a smoke demon
  5839 | D:6      | Noticed a smoke demon
  5846 | D:6      | HP: 3/66 [something (7)]
  5846 | D:6      | HP: 1/66 [smoke demon[the fury of Makhleb] (2)]
  5847 | D:6      | Killed from afar by a smoke demon

Vault maps used:
D:1:      dpeg_arrival_fog, hangedman_abyss_or_decor_lesser_grid
D:2:      chequers_ecumenical_altar_simple_redux, uniq_jessica
D:3:      nicolae_overflow_crystal_walls, uniq_ijyb
D:4:      marbit_many_paths, minmay_temple_entry_trees, first_ration
D:5:      grunt_temple_overflow_forces_of_nature,
          gammafunk_temple_overflow_elements, uniq_crazy_yiuf_cottage
D:6:      okawaru_metal_pillars_1_2, uniq_duvessa, uniq_sigmund, uniq_eustachio,
          uniq_menkaure
Temple:   nicolae_temple_figure_eight

Skill      XL: |  1  2  3  4  5  6  7 |
---------------+----------------------+-----
Transmutations | 3 4 5 |  5.8
Poison Magic   | 1 2 |  2.0
Unarmed Combat | 4 5 6 |  6.2
Invocations    | 1 2 3 |  3.0
Fighting       | 2 4 |  4.2
Dodging        | |  1.7
Spellcasting   | |  2.0

Action                   |  1- 3 |  4- 6 |  7- 9 || total
-------------------------+-------+-------+-------++-------
Melee: Unarmed           |   100 |   213 |   136 ||   449
       Tailslap          |     9 |    16 |    14 ||    39
       Headbutt          |     4 |     1 |     4 ||     9
       Kick              |     2 |    11 |       ||    13
       Punch             |     2 |     2 |     1 ||     5
 Cast: Beastly Appendage |     7 |    10 |     2 ||    19
       Sticks to Snakes  |     4 |    19 |       ||    23
       Spider Form       |       |     1 |     2 ||     3
Invok: Minor Destruction |       |     1 |       ||     1
 Abil: Breathe Fire      |       |       |     8 ||     8
  Use: Scroll            |       |     9 |     2 ||    11
       Potion            |       |     2 |    10 ||    12
 Stab: Sleeping          |       |     1 |       ||     1
       Invisible         |       |       |     1 ||     1
  Eat: Chunk             |     1 |    11 |     8 ||    20
Armor: Skin              |    26 |    46 |    45 ||   117
Dodge: Dodged            |    68 |   120 |   100 ||   288

Table legend:
 A = Spawn XP
 B = Non-spawn XP
 C = Spawn XP percentage of total XP
 D = Spawn monster count
 E = Non-spawn monster count
 F = Spawn count percentage of total count
 G = Total turns spent on level
                    A         B        C        D         E        F      G
               +---------+---------+-------+---------+---------+-------+---------
         Total |       0 |    1556 |   0.0 |       0 |     109 |   0.0 |  5847
               +---------+---------+-------+---------+---------+-------+---------
           D:1 |       0 |      27 |   0.0 |       0 |      14 |   0.0 |   744
           D:2 |       0 |      82 |   0.0 |       0 |      20 |   0.0 |   957
           D:3 |       0 |      82 |   0.0 |       0 |      20 |   0.0 |   842
           D:4 |       0 |     230 |   0.0 |       0 |      28 |   0.0 |   923
           D:5 |       0 |     441 |   0.0 |       0 |      14 |   0.0 |  1746
           D:6 |       0 |     694 |   0.0 |       0 |      13 |   0.0 |   630
               +---------+---------+-------+---------+---------+-------+---------
